 Dungeon Crawl Stone Soup version 0.28.0 (webtiles) character file.

Game seed: 13395269793716292094

245 browni3141 the Skirmisher (level 5, -5/67 (72) HPs)
             Began as a Minotaur Berserker on Feb 15, 2022.
             Was a Believer of Trog.
             Slain by a wight (17 damage)
             ... on level 4 of the Dungeon.
             The game lasted 00:01:32 (2550 turns).

browni3141 the Skirmisher (Minotaur Berserker)      Turns: 2550, Time: 00:01:33

HP:   -5/67 (72)    AC:  9    Str: 24    XL:     5   Next: 84%
MP:   4/4           EV:  9    Int:  4    God:    Trog [**....]
Gold: 179           SH:  0    Dex:  9    Spells: 4/4 levels left

rFire   . . .      SeeInvis .   t - +2 war axe (venom)
rCold   . . .      Faith    .   (no shield)
rNeg    . . .      Spirit   .   k - +0 chain mail
rPois   .          Reflect  .   (helmet restricted)
rElec   .          Harm     .   s - scarf {shadows}
rCorr   .          Rampage  .   (no gloves)
Will    .....                   (no boots)
Stlth   ..........              (no amulet)
HPRegen 0.21/turn               (no ring)
MPRegen 0.09/turn               (no ring)

@: berserking, drained, very quick
A: horns 2, retaliatory headbutt
a: Renounce Religion, Berserk, Trog's Hand


You were on level 4 of the Dungeon.
You worshipped Trog.
Trog was pleased with you.
You visited 1 branch of the dungeon, and saw 4 of its levels.

You collected 179 gold pieces.

Inventory:

Hand Weapons
 a - a +0 hand axe
 t - a +2 war axe of venom (weapon)
Armour
 b - a +0 animal skin
 k - a +0 chain mail (worn)
 s - a scarf of shadows (worn)
Scrolls
 c - 3 scrolls of identify {unknown}
 e - a scroll of brand weapon {unknown}
 i - a scroll of noise {unknown}
 j - a scroll of enchant armour {unknown}
 m - 2 scrolls of teleportation {unknown}
 n - a scroll of torment {unknown}
 o - a scroll of fog {unknown}
 p - a scroll of enchant weapon {unknown}
Potions
 d - a potion of lignification {unknown}
 f - a potion of attraction {unknown}
 g - a potion of mutation {unknown}
 h - a potion of berserk rage {unknown}
 l - a potion of haste {unknown}
 q - a potion of invisibility {unknown}
 r - 2 potions of curing {unknown}
 u - a potion of heal wounds {unknown}


   Skills:
 + Level 5.0 Fighting
 + Level 5.0 Axes
 + Level 4.3 Armour
 + Level 3.8 Dodging


You had 4 spell levels left.
You didn't know any spells.
Your spell library was empty.

Dungeon Overview and Level Annotations

Branches:
Dungeon (4/15)
 Temple: D:4-7

Altars:
Wu Jian


Innate Abilities, Weirdness & Mutations

You have a pair of horns on your head.
You reflexively headbutt those who attack you in melee.


Message History

You barely miss the wight. You headbutt the wight.
You destroy the wight!
Trog accepts your kill.
The wight hits you from afar with a +4 spear of freezing.
You feel drained. The wight freezes you.
The ball python bites you but does no damage.
The ball python closely misses you.
Your life force feels restored.
Your Fighting skill increases to level 5!
Your Axes skill increases to level 5!
You hit the ball python.
You kill the ball python!
Trog accepts your kill.
The wight hits you from afar with a +4 spear of freezing!
You feel drained. The wight freezes you.
The wight closely misses you. 2 wights come into view.
The wight hits you with a +4 spear of freezing.
* * * LOW HITPOINT WARNING * * *
The wight freezes you.
* * * LOW HITPOINT WARNING * * *
Things that are here:
a +5 dire flail; a +0 robe; a ball python corpse You are too injured to fight recklessly!
There are monsters nearby!
Unknown command.
A red film seems to cover your vision as you go berserk!
You feel yourself moving faster!
You feel mighty! The wight barely misses you. You furiously retaliate!
You headbutt the wight!
The wight hits you from afar with a +4 spear of freezing.
* * * LOW HITPOINT WARNING * * *
You feel drained.
* * * LOW HITPOINT WARNING * * *
The wight freezes you.
* * * LOW HITPOINT WARNING * * *
You are too injured to fight recklessly!
You closely miss the wight. You barely miss the wight.
The wight hits you with a +3 scimitar.
* * * LOW HITPOINT WARNING * * *
The wight hits you with a +4 battleaxe!
You die...

### ..# #.# #######.#
#.# #..)@...# #.#
#.##zz...# #.#####
####.##.z..## #.....#
#....##....# #.###.#
#.#..####### #.# #.##
#.#.......
..###..###.#.#########
.†...................#
.......#####.#.###.###


You could see 3 wights.

Vanquished Creatures
  A wight (D:4)
  A hound (D:4)
  An orc priest (D:4)
  An orc wizard (D:4)
  3 adders
  2 worms
  3 dart slugs
  4 orcs
  7 ball pythons
  2 bats (D:1)
  7 endoplasms
  5 giant cockroaches
  5 goblins
  11 hobgoblins
  4 jackals (D:1)
  4 kobolds
  2 quokkas
  4 frilled lizards
  5 rats
72 creatures vanquished.

Notes
Turn   | Place    | Note
-------+----------+-------------------------------------------
     0 | D:1      | browni3141 the Minotaur Berserker began the quest for the
                  | Orb.
     0 | D:1      | Reached XP level 1. HP: 19/19 MP: 0/0
    30 | D:1      | Reached XP level 2. HP: 25/27 MP: 1/1
   455 | D:1      | Reached ** piety under Trog
   456 | D:1      | Reached XP level 3. HP: 25/33 MP: 2/2
  1135 | D:2      | Found a faded altar of an unknown god.
  1213 | D:2      | You fall into a shaft and drop 1 floor!
  1415 | D:2      | Reached XP level 4. HP: 38/41 MP: 3/3
  2214 | D:4      | Reached XP level 5. HP: 40/47 MP: 4/4
  2396 | D:4      | Found an ornate altar of the Wu Jian Council.
  2546 | D:4      | Reached skill level 5 in Fighting
  2546 | D:4      | Reached skill level 5 in Axes
  2550 | D:4      | Slain by a wight

Illustrated notes

Levels and vault maps discovered:
D:1:      ebering_hopf_link, layout_basic, minmay_distorted
D:2:      layout_basic, basic_ecumenical_altar
D:3:      layout_rooms
D:4:      layout_basic, amcnicky_altar_gilded, gammafunk_temple_overflow_pools

Skill      XL: |  1  2  3  4  5 |
---------------+----------------+-----
Fighting       | 4 5 |  5.0
Axes           | 4 5 |  5.0
Armour         | 3 4 |  4.3
Dodging        | 3 |  3.8

Action                   |  1- 3 |  4- 6 || total
-------------------------+-------+-------++-------
Melee: Hand axe          |    76 |    46 ||   122
       Headbutt          |    15 |    10 ||    25
       War axe           |       |    21 ||    21
       Punch             |       |     1 ||     1
Invok: Berserk           |       |     3 ||     3
Armor: Animal skin       |    13 |       ||    13
       Chain mail        |     9 |    31 ||    40
Dodge: Dodged            |    48 |    20 ||    68
